 Dungeon Sprint DCSS version 0.28-a0-909-g796cbd3a86 (webtiles) character file.

Game seed: 15124790236256009682

0 kae the Ruffian (level 1, -4/16 HPs)
             Began as a Draconian Transmuter on Nov 24, 2021.
             Slain by a neqoxec (10 damage)
             ... in the Dungeon (Sprint II: "The Violet Keep of Menkaure").
             The game lasted 00:00:06 (19 turns).

kae the Ruffian (Draconian Transmuter)                Turns: 19, Time: 00:00:06

Health: -4/16      AC:  4    Str: 12    XL:     1   Next: 0%
Magic:  3/3        EV: 12    Int: 13    God:
Gold:   0          SH:  0    Dex: 11    Spells: 3/4 levels left

rFire   . . .      SeeInvis .     - Unarmed
rCold   . . .      Faith    .   (no shield)
rNeg    . . .      Spirit   .   (armour unavailable)
rPois   .          Reflect  .   (helmet currently unavailable)
rElec   .          Harm     .   (no cloak)
rCorr   .          Rampage  .   (no gloves)
Will    .....      Rage     1%  (boots currently unavailable)
Stlth   +......... NoTele   +   (no amulet)
HPRegen 0.05/turn               (no ring)
MPRegen 0.08/turn               (no ring)

@: appendages (expiring)
A: horns 2, talons 2, AC +4, unfitting armour, cold-blooded, berserk 1, subdued
magic 1
a: End Transformation


You were in the Dungeon.
You had temporarily grown beastly horns and talons.
You visited 1 branch

Inventory:

Scrolls
 f - a scroll of blinking
Potions
 a - a potion of curing
 b - a potion of heal wounds
 c - a potion of haste
 d - 2 potions of magic
 e - a potion of berserk rage


   Skills:
 + Level 1.1 Fighting
 + Level 1.7 Dodging
 + Level 3.0 Unarmed Combat
 + Level 2.0 Spellcasting
 + Level 2.0 Transmutations


You had 3 spell levels left.
You knew the following spells:

 Your Spells              Type           Power      Damage    Failure   Level
a - Beastly Appendage     Tmut           10%        N/A       9%          1

Your spell library contained the following spells:

 Spells                   Type           Power      Damage    Failure   Level
 Wereblood                Tmut           5%         N/A       14%         2
 Spider Form              Tmut/Pois      3%         N/A       41%         3
 Ice Form                 Ice/Tmut       3%         N/A       83%         4


Dungeon Overview and Level Annotations

Branches:
Dungeon (1/1)

Altars:


Innate Abilities, Weirdness & Mutations

You have temporarily grown beastly horns and talons.
Your plain brown scales are hard. (AC +4)
You cannot fit into any form of body armour.
You are cold-blooded and may be slowed by cold attacks.
You tend to lose your temper in combat.
Your spells are a little easier to cast, but a little less powerful.


Message History

It's broken and can't be closed.
Your transformation is almost over.
You hit the neqoxec. Your headbutt misses the neqoxec.
You tail-slap the neqoxec.
The neqoxec is lightly wounded.
The neqoxec gestures at you.
Strange energies course through your body.
Your connection to magic feels subdued.
You hit the neqoxec but do no damage. You claw the neqoxec.
The neqoxec is moderately wounded.
The neqoxec hits you.
You barely miss the neqoxec. You claw the neqoxec.
The neqoxec is moderately wounded.
The neqoxec hits you but does no damage.
You barely miss the neqoxec. Your headbutt misses the neqoxec.
The neqoxec is moderately wounded.
The neqoxec barely misses you.
You barely miss the neqoxec. Your punch misses the neqoxec.
The neqoxec is moderately wounded.
The neqoxec barely misses you.
You hit the neqoxec. You claw the neqoxec, but do no damage.
The neqoxec is moderately wounded.
The neqoxec gestures at you.
Something tries to feed on your intellect!
You barely miss the neqoxec. You claw the neqoxec, but do no damage.
You tail-slap the neqoxec, but do no damage.
The neqoxec is moderately wounded.
The neqoxec hits you.
You barely miss the neqoxec. You claw the neqoxec.
The neqoxec is moderately wounded.
The neqoxec gestures at you.
Strange energies course through your body.
You feel a little pissed off.
You closely miss the neqoxec. Your headbutt misses the neqoxec.
The neqoxec is moderately wounded.
The neqoxec gestures at you.
Something tries to feed on your intellect!
The neqoxec hits you!
Ouch! That really hurt!
You die...

## .#
3##
#3#
##@##
+.<.+
##.##
#+#


You could see 2 neqoxecs.

Vanquished Creatures (others)
  A neqoxec (D)
1 creature vanquished.

Notes
Turn   | Place    | Note
-------+----------+-------------------------------------------
     0 | D        | kae the Draconian Transmuter began the quest for the Orb.
     0 | D        | Reached XP level 1. HP: 16/16 MP: 3/3
     3 | D        | Noticed a neqoxec
     3 | D        | Noticed a neqoxec
    11 | D        | Gained mutation: Your spells are a little easier to cast,
                  | but a little less powerful. [a neqoxec]
    18 | D        | Killed a neqoxec
    18 | D        | Gained mutation: You tend to lose your temper in combat. [a
                  | neqoxec]
    19 | D        | Slain by a neqoxec

Illustrated notes

Levels and vault maps discovered:
D:        the_violet_keep_of_menkaure [sprint2_stairs_cluster_1,
          sprint2_shoproom, sprint2_temple, sprint2_basic_supplies,
          sprint2_obstacle_3, sprint2_obstacle_2, sprint2_obstacle_5,
          sprint2_obstacle_4, sprint2_obstacle_6, sprint2_timed_cluster_1,
          sprint2_smallroom_cluster_1, sprint2_smallroom_final_cluster_1,
          sprint2_transparent_cluster_1, sprint2_second_timed_cluster_1,
          sprint2_sniper_area_1, sprint2_heavy_combat_area_1,
          sprint2_mutation_trap_area_1, sprint2_forest_area_1,
          sprint2_light_combat_area_1, sprint2_behind_water_1,
          sprint2_near_end_vault_1]

Action                   || total
-------------------------++-------
Melee: Unarmed           ||     9
       Kick              ||     5
       Tailslap          ||     2
 Cast: Beastly Appendage ||     1
Armor: Skin              ||     1
Dodge: Dodged            ||     2

Table legend: (Time is in decaauts)
 A = Elapsed time spent in this place.
 B = Non-inter-level travel time spent in this place.
 C = Inter-level travel time spent in this place.
 D = Time resting spent in this place.
 E = Time spent auto-exploring this place.
 F = Levels seen in this place.
 G = Mean time per level.
                   A        B        C        D        E       F      G
               +--------+--------+--------+--------+--------+-----+--------+
         Total |     18 |     18 |      0 |      2 |      0 |   1 |   18.0 |
       Dungeon |     18 |     18 |      0 |      2 |      0 |   1 |   18.0 |
               +--------+--------+--------+--------+--------+-----+--------+

Top non-repeatable levels by time:
       D: 18 daAuts
